 Dungeon Crawl Stone Soup version 0.32-a0-861-g165e151e72 (webtiles) character file.

Game seed: 2583703652653819860

28 Essalna the Firebug (level 3, 26/26 HPs)
             Began as a Demonspawn Fire Elementalist on Mar 28, 2024.
             Got out of the dungeon alive.
             The game lasted 00:01:19 (972 turns).

Essalna the Firebug (Demonspawn Fire Elementalist)   Turns: 972, Time: 00:01:19

Health: 26/26      AC:  2    Str:  8    XL:     3   Next: 0%
Magic:  6/6        EV: 11    Int: 17    God:
Gold:   47         SH:  0    Dex: 13    Spells: 5/6 levels left

rFire   . . .        e - +1 short sword (speed)
rCold   . . .        (no shield)
rNeg    . . .        a - +0 robe
rPois   .            (no helmet)
rElec   .            (no cloak)
rCorr   .            (no gloves)
SInv    .            (no boots)
Will    .....        (no amulet)
Stlth   ++           (no ring)
HPRegen 0.24/turn    (no ring)
MPRegen 0.10/turn

%: no passive effects
@: no status effects
A: demonic magic 1, demonic touch 1
a: no special abilities


You escaped.
You visited 1 branch of the dungeon, and saw 1 of its levels.

You collected 47 gold pieces.

Inventory:

Hand Weapons
 d - a +0 hand axe
 e - a +1 short sword of speed (weapon)
Armour
 a - a +0 robe (worn)
Potions
 b - a potion of magic
 c - 2 potions of curing {unknown}
 f - 2 potions of brilliance {unknown}


   Skills:
 + Level 1.1 Fighting
 - Level 1.7 Dodging
 - Level 1.7 Stealth
 + Level 2.3 Spellcasting
 + Level 1.6 Conjurations
 + Level 3.0 Fire Magic


You had 5 spell levels left.
You knew the following spells:

 Your Spells              Type           Power      Damage    Failure   Level
a - Foxfire               Conj/Fire      36%        2x1d5     7%          1

Your spell library contained the following spells:

 Spells                   Type           Power      Damage    Failure   Level
 Scorch                   Fire           24%        2d6       9%          2
 Inner Flame              Hex/Fire       7%         N/A       30%         3
 Volatile Blastmotes      Fire/Tloc      14%        2d11      30%         3
 Flame Wave               Conj/Fire      9%         2d6       56%         4


Dungeon Overview and Level Annotations

Branches:
Dungeon (1/15)

Altars:


Innate Abilities, Weirdness & Mutations

Spells you cast may paralyse adjacent enemies.
Your touch may inflict minor irresistible damage on your foes.


Message History

Found a stone staircase leading down.
The goblin moves out of view.
The goblin shouts!
A goblin is nearby!
A goblin is nearby!
You conjure some foxfire!
Malevolent energies surge around you.
You conjure some foxfire!
Malevolent energies surge around you.
The foxfire hits the goblin.
The goblin is moderately wounded.
The foxfire hits the goblin.
You kill the goblin!
You miscast Foxfire.
You are very lightly contaminated with residual magic.
Nothing appears to happen.
You conjure some foxfire!
Malevolent energies surge around you.
Your foxfire dissipates!
Your foxfire dissipates!
Your foxfire dissipates! x2
Your magical contamination has completely faded away.
You open the door.
Key pressed, stopping explore.
There is an open door here.
Key pressed, stopping explore.
A rat comes into view.
The rat squeaks loudly.
The rat twitches its whiskers.
The rat closely misses you.
You hit the rat.
You kill the rat!
You have reached level 3!
Your experience leads to an increase in your attributes!
Increase (S)trength, (I)ntelligence, or (D)exterity?
You feel clever. x2; Your demonic ancestry asserts itself...
Your hands begin to faintly glow with unholy energy.
Found 4 stones.
There is an open door here.
You open the door.
There is an open door here.
There is an open door here.
There is a staircase leading out of the dungeon here.
You have escaped!

#..####++####..##.# #.##.
#..###....###..##.# #.##.
#..##......##..##.###.##.
#..##.ß..ß.##..##.....###
#..# .......#..#####..#..
#..# ...ß.#..# #..#'#
#..#.. #...#..# #.....
#..####..#..# #.....
+..+>@'..'..# #.....
#..####..#..# #...). ##
#..#...##...#..# ##....
.#### #..#.ß....ß.#..#
#.... ....#
#..#........#..# #....
###.# #..##.ß..ß.##..#
#....
#.#####..##......##..#
#.... #....##..###....##
..# #....
####†##..####''####.
#####


There were no monsters in sight!

Vanquished Creatures
  2 endoplasms (D:1)
  2 giant cockroaches (D:1)
  4 goblins (D:1)
  5 hobgoblins (D:1)
  2 quokkas (D:1)
  2 frilled lizards (D:1)
  2 kobolds (D:1)
  7 rats (D:1)
26 creatures vanquished.

Vanquished Creatures (others)
  73 foxfires (D:1)
73 creatures vanquished.

Grand Total: 99 creatures vanquished

Notes
Turn   | Place    | Note
-------+----------+-------------------------------------------
     0 | D:1      | Essalna the Demonspawn Fire Elementalist began the quest
                  | for the Orb.
     0 | D:1      | Reached XP level 1. HP: 13/13 MP: 3/3
   139 | D:1      | Gained mutation: Spells you cast may paralyse adjacent
                  | enemies. [demonic ancestry]
   139 | D:1      | Reached XP level 2. HP: 11/20 MP: 1/5
   569 | D:1      | Reached skill level 1 in Fighting
   571 | D:1      | Reached skill level 3 in Fire Magic
   585 | D:1      | Found a faded altar of an unknown god.
   910 | D:1      | Gained mutation: Your touch may inflict minor irresistible
                  | damage on your foes. [demonic ancestry]
   910 | D:1      | Reached XP level 3. HP: 26/26 MP: 6/6
   972 | D:$      | Got out of the dungeon alive.

Illustrated notes

Levels and vault maps discovered:
D:1:      dpeg_arrival_refuge, layout_basic, ebering_ecumenical_altar_rust

Skill      XL: |  1  2 |
---------------+-------+-----
Fighting       | 1 |  1.1
Fire Magic     | 3 |  3.0
Dodging        | |  1.7
Stealth        | |  1.7
Spellcasting   | |  2.3
Conjurations   | |  1.6

Action                     || total
---------------------------++-------
  Melee: Unarmed           ||    17
         Hand axe          ||    10
         Punch             ||     2
         Short sword       ||    28
   Cast: Foxfire           ||    41
 Armour: Robe              ||    25
  Dodge: Dodged            ||    26

Table legend: (Time is in decaauts)
 A = Elapsed time spent in this place.
 B = Non-inter-level travel time spent in this place.
 C = Inter-level travel time spent in this place.
 D = Time resting spent in this place.
 E = Time spent auto-exploring this place.
 F = Levels seen in this place.
 G = Mean time per level.
                   A        B        C        D        E       F      G
               +--------+--------+--------+--------+--------+-----+--------+
         Total |    965 |    916 |     49 |      0 |    748 |   1 |  965.0 |
       Dungeon |    965 |    916 |     49 |      0 |    748 |   1 |  965.0 |
               +--------+--------+--------+--------+--------+-----+--------+

Top non-repeatable levels by time:
     D:1: 965 daAuts
